 Dungeon Crawl Stone Soup version 0.18-a0-1693-gbb391d9 (webtiles) character file.

135 Eucla the Stinger (level 4, -1/18 HPs)
             Began as a Felid Venom Mage on Apr 5, 2016.
             Slain by a centaur skeleton (3 damage)
             ... on level 4 of the Dungeon.
             The game lasted 00:11:20 (5617 turns).

Eucla the Stinger (Felid Venom Mage)                Turns: 5617, Time: 00:11:21

Health: -1/18      AC:  1    Str:  4    XL:     4   Next: 97%
Magic:  1/9        EV: 18    Int: 18    God:
Gold:   218        SH:  0    Dex: 16    Spells: 3 memorised, 0 levels left
                                        Lives:  0   Deaths: 1

rFire  . . .     SeeInvis +     (weapon unavailable)
rCold  . . .     Gourm    .     (armour unavailable)
rNeg   . . .     Faith    .     (shield unavailable)
rPois  .         Spirit   .     (helmet unavailable)
rElec  .         Dismiss  .     (cloak unavailable)
rCorr  .         Reflect  .     (gloves unavailable)
SustAt .         Harm     .     (boots unavailable)
MR     .....                    (no amulet)
Stlth  ++++......               (no ring)
                                (no ring)

@: very slightly contaminated, quick, not resistant to hostile enchantments,
stealthy
A: no armour, no weapons or thrown items, claws 1, fangs 3, see invisible,
carnivore 3, speed 1, shaggy fur 1, slow metabolism 1, sharp paws
a: no special abilities


You were on level 4 of the Dungeon.
You were not hungry.

You visited 1 branch of the dungeon, and saw 4 of its levels.

You collected 218 gold pieces.

Inventory:

Jewellery
 o - an uncursed ring of flight {unknown}
Scrolls
 c - 2 scrolls of teleportation
 d - 2 scrolls of blinking {unknown}
 f - 2 scrolls of enchant weapon
 m - a scroll of remove curse
Potions
 e - a potion of lignification {unknown}
 g - a potion of magic {unknown}
 i - a potion of curing
 j - a potion of mutation {unknown}
 l - a potion of agility {unknown}
 n - a potion of haste {unknown}
 p - 2 potions of cancellation {unknown}
Books
 a - a Young Poisoner's Handbook

   Spells                             Type                      Level
   a - Sting                          Conjuration/Poison           1
   b - Cure Poison                    Poison                       2
   c - Mephitic Cloud                 Conjuration/Poison/Air       3
   d - Olgreb's Toxic Radiance        Poison                       4
   e - Venom Bolt                     Conjuration/Poison           5
Comestibles
 b - 6 meat rations
 h - 2 beef jerkies


   Skills:
 - Level 2.6 Dodging
 + Level 4.9 Stealth
 + Level 3.2 Spellcasting
 + Level 1.5 Conjurations
 * Level 5.1 Poison Magic


You couldn't memorise any spells.
You knew the following spells:

 Your Spells              Type           Power        Failure   Level  Hunger
a - Sting                 Conj/Pois      ##..         4%          1    None
b - Mephitic Cloud        Conj/Pois/Air  ##......     21%         3    ###....
c - Venom Bolt            Conj/Pois      ##........   93%         5    ######.


Dungeon Overview and Level Annotations

Branches:
Dungeon (4/15)
 Temple: D:4-7

Altars:
Okawaru


Innate Abilities, Weirdness & Mutations

You cannot wear armour.
You are incapable of wielding weapons or throwing items.
You have sharp claws.
You have razor-sharp teeth.
You have supernaturally acute eyesight.
You are carnivorous and can eat meat at any time.
You cover ground quickly.
You are covered in fur (AC +1).
You have a slow metabolism.
Your sharp claws are effective at attacking unaware monsters.


Message History

Aim: an iguana (almost dead)
The sting hits the iguana.
The iguana appears unharmed.
The iguana is almost dead.
The iguana completely misses you.
The centaur skeleton completely misses you.
Unknown command.
Casting: Sting
Confirm with . or Enter, or press ? or * to list all spells.
Aiming: Sting
Press: ? - help, Shift-Dir - straight line, f/p - iguana
Aim: an iguana (almost dead)
The sting hits the iguana.
The iguana appears unharmed.
The iguana is almost dead.
The iguana misses you. The centaur skeleton hits you.
* * * LOW HITPOINT WARNING * * *
Unknown command.
You scratch the iguana.
The iguana is almost dead.
The centaur skeleton hits you.
You die...

########### ###########
#.........# #.........#
#.........# #.........#
####.........#####.........#####
##.............l@Z........).)..).
...##.........#####.........##.##
...##.........# #.........##.##
...##....รท.########.........##.##
..>.'...............##########.##
..###......########..## #.## ..
######## #.......# #.## ..
#.......# #.## ## #...)...# #.##


You could see an iguana and a centaur skeleton.

Vanquished Creatures
  A scorpion (D:4)
  An iguana (D:4)
  4 adders
  5 worms
  3 dart slugs
  4 giant geckos
  7 orcs
  A ball python (D:2)
  5 giant cockroaches
  8 goblins
  16 hobgoblins
  10 jackals
  2 quokkas (D:4)
  6 bats
  6 giant newts
  12 kobolds
  31 rats
122 creatures vanquished.

Notes
Turn   | Place    | Note
--------------------------------------------------------------
     0 | D:1      | Eucla the Felid Venom Mage began the quest for the Orb.
     0 | D:1      | Reached XP level 1. HP: 7/7 MP: 4/4
   213 | D:1      | Reached XP level 2. HP: 11/11 MP: 0/6
   259 | D:1      | Reached skill level 4 in Poison Magic
   985 | D:1      | Reached XP level 3. HP: 14/14 MP: 4/7
   990 | D:1      | Learned a level 3 spell: Mephitic Cloud
  2763 | D:2      | Reached XP level 4. HP: 18/18 MP: 5/8
  3566 | D:3      | Found an iron altar of Okawaru.
  3861 | D:3      | Reached XP level 5. HP: 11/21 MP: 0/10
  3994 | D:3      | Reached skill level 1 in Conjurations
  4693 | D:4      | Learned a level 5 spell: Venom Bolt
  5226 | D:4      | Reached skill level 5 in Poison Magic
  5454 | D:4      | Slain by a centaur skeleton
  5455 | D:4      | Reached XP level 4. HP: -1/18 MP: 9/9
  5617 | D:4      | Slain by a centaur skeleton

Vault maps used:
D:1:      dpeg_arrival_boxorama, serial_glass, glass_columns_a, glass_columns_a
D:2:      wad_river_or_something
D:3:      first_bread, kennysheep_crisscross, okawaru_trees_2
D:4:      serial_shops, nicolae_shop_stone, minmay_rat_hole

Skill      XL: |  1  2  3  4  5 |
---------------+----------------+-----
Poison Magic   | 4 5 |  5.1
Stealth        | 3 4 |  4.9
Conjurations   | 1 |  1.5
Spellcasting   | 3 |  3.2
Dodging        | |  2.6

Action                   |  1- 3 |  4- 6 || total
-------------------------+-------+-------++-------
Melee: Unarmed           |    34 |    85 ||   119
 Cast: Sting             |   134 |   162 ||   296
  Use: Scroll            |       |     5 ||     5
       Potion            |       |     1 ||     1
 Stab: Sleeping          |     4 |     1 ||     5
  Eat: Chunk             |    10 |     7 ||    17
